[ AOE2 MATCH · #506010721 ]
UnrankedIncas vs Mapuche
Player's team · WIN
Rival team · LOSS
[ REPLAY ANALYSIS · EXTRACTED FROM THE RECORDED GAME ]
Feudal
8:57
Castle
21:59
Imperial
45:36
| APM avg | 53.5 |
| APM peak | 97 |
| eAPM avg | 31.2 |
| Villagers / military | 153 / 87 |
Focus
⚔️ 46.3% · 🌾 53.7%
Unknown (2550) ×85 · Kamayuk ×45 · Monk ×12 · Scorpion ×12 · Spearman ×10 · Mangonel ×6
Feudal
10:31
Castle
17:11
Imperial
—
| APM avg | 58.5 |
| APM peak | 105 |
| eAPM avg | 33.0 |
| Villagers / military | 143 / 181 |
Focus
⚔️ 34.9% · 🌾 65.1%
Kona ×70 · Skirmisher ×52 · Petard ×47 · Battering Ram ×5 · Monk ×3 · Bolas Rider ×3
Match map
Initial resources + every placement click. Lines = walls · curves = elevation contours. ◆ gold · ⬟ stone · ● berries · ✦ relic · ◌ wall gap
Your base· Open — opponent sealed themselves in
MYST_BBTT's base· ✓ Closed at 17:11 · 65t walls · 1 gate(s)
Smoothed initial terrain · ◌ = detected wall gap · hover for details
Inputs per minute
— mentalist_ - - MYST_BBTT
Build order — mentalist_
First 150 of 519 actions detected
| 0:01 | Create | Villager (Male) |
| 0:03 | Build | House |
| 0:10 | Create | Villager (Male) |
| 0:10 | Create | Villager (Male) |
| 0:20 | Create | Villager (Male) |
| 1:22 | Create | Villager (Male) |
| 1:54 | Create | Villager (Male) |
| 2:20 | Create | Villager (Male) |
| 2:41 | Build | Settlement |
| 2:48 | Create | Villager (Male) |
| 3:12 | Create | Villager (Male) |
| 3:20 | Create | Villager (Male) |
| 3:31 | Create | Villager (Male) |
| 3:50 | Create | Villager (Male) |
| 3:55 | Create | Villager (Male) |
| 4:31 | Create | Villager (Male) |
| 4:38 | Create | Villager (Male) |
| 4:54 | Research | Loom |
| 5:00 | Create | Villager (Male) |
| 5:39 | Build | Outpost |
| 5:43 | Create | Villager (Male) |
| 6:19 | Research | Loom |
| 6:21 | Build | Barracks |
| 6:47 | Research | Feudal Age |
| 7:05 | Create | Unit 2550 |
| 7:36 | Create | Unit 2550 |
| 7:56 | Build | Settlement |
| 8:39 | Build | House |
| 8:57 | Age | Feudal Age |
| 9:01 | Research | Double-Bit Axe |
| 9:01 | Create | Villager (Male) |
| 9:07 | Create | Villager (Male) |
| 9:21 | Build | House |
| 9:23 | Create | Unit 2550 |
| 9:27 | Create | Villager (Male) |
| 9:54 | Build | Watch Tower |
| 9:58 | Create | Villager (Male) |
| 10:01 | Create | Unit 2550 |
| 10:14 | Build | Blacksmith |
| 10:31 | Create | Villager (Male) |
| 10:51 | Research | Tech 1402 |
| 10:51 | Research | Tech 1402 |
| 11:09 | Build | Watch Tower |
| 11:11 | Create | Villager (Male) |
| 11:17 | Build | Farm |
| 11:20 | Create | Villager (Male) |
| 11:51 | Build | House |
| 11:58 | Build | Farm |
| 11:59 | Build | Farm |
| 12:09 | Create | Villager (Male) |
| 12:44 | Build | Farm |
| 12:47 | Build | Farm |
| 12:50 | Build | Settlement |
| 13:01 | Build | Farm |
| 13:09 | Create | Villager (Male) |
| 13:24 | Build | Farm |
| 13:35 | Build | Watch Tower |
| 13:39 | Create | Villager (Male) |
| 13:42 | Build | House |
| 13:49 | Build | Farm |
| 14:05 | Build | Farm |
| 14:06 | Create | Villager (Male) |
| 14:06 | Create | Villager (Male) |
| 14:29 | Create | Villager (Male) |
| 14:35 | Build | Palisade Wall |
| 14:36 | Build | Palisade Wall |
| 14:37 | Build | Palisade Wall |
| 14:50 | Create | Villager (Male) |
| 14:53 | Build | Farm |
| 14:56 | Research | Fletching |
| 14:56 | Research | Fletching |
| 15:07 | Create | Villager (Male) |
| 15:21 | Create | Villager (Male) |
| 15:35 | Create | Villager (Male) |
| 15:41 | Build | Palisade Wall |
| 15:42 | Build | Palisade Wall |
| 15:43 | Build | Palisade Wall |
| 15:44 | Build | Palisade Wall |
| 15:48 | Create | Villager (Male) |
| 15:57 | Build | Watch Tower |
| 16:03 | Create | Villager (Male) |
| 16:09 | Build | Market |
| 16:19 | Create | Unit 2550 |
| 16:27 | Create | Villager (Male) |
| 16:29 | Build | Farm |
| 16:46 | Create | Villager (Male) |
| 16:56 | Create | Unit 2550 |
| 17:06 | Create | Villager (Male) |
| 17:17 | Build | Watch Tower |
| 17:18 | Create | Villager (Male) |
| 17:32 | Create | Villager (Male) |
| 17:47 | Build | Stone Wall |
| 17:47 | Build | Stone Wall |
| 17:48 | Build | Stone Wall |
| 17:48 | Build | Stone Wall |
| 17:50 | Build | Stone Wall |
| 17:50 | Build | Stone Wall |
| 17:51 | Build | Stone Wall |
| 17:51 | Build | Stone Wall |
| 17:58 | Create | Villager (Male) |
| 18:17 | Build | Stone Wall |
| 18:17 | Build | Stone Wall |
| 18:18 | Build | Stone Wall |
| 18:20 | Build | Stone Wall |
| 18:25 | Build | Stone Wall |
| 18:25 | Build | Stone Wall |
| 18:26 | Build | Stone Wall |
| 18:28 | Create | Villager (Male) |
| 18:42 | Build | Farm |
| 18:49 | Create | Villager (Male) |
| 18:59 | Build | Palisade Wall |
| 19:05 | Build | Watch Tower |
| 19:19 | Research | Castle Age |
| 19:20 | Research | Castle Age |
| 19:28 | Build | Stone Wall |
| 19:29 | Build | Stone Wall |
| 19:30 | Build | Stone Wall |
| 19:30 | Build | Stone Wall |
| 19:31 | Build | Stone Wall |
| 19:31 | Build | Stone Wall |
| 19:32 | Build | Stone Wall |
| 19:32 | Build | Stone Wall |
| 19:45 | Build | Palisade Wall |
| 19:46 | Build | Palisade Wall |
| 19:47 | Build | Palisade Wall |
| 19:51 | Create | Villager (Male) |
| 20:05 | Create | Villager (Male) |
| 20:07 | Build | Palisade Wall |
| 20:08 | Build | Palisade Wall |
| 20:16 | Create | Spearman |
| 20:17 | Create | Spearman |
| 20:34 | Build | Watch Tower |
| 20:35 | Create | Spearman |
| 20:53 | Build | Stone Wall |
| 21:02 | Research | Forging |
| 21:05 | Build | Barracks |
| 21:20 | Create | Spearman |
| 21:33 | Build | Farm |
| 21:39 | Create | Villager (Male) |
| 21:41 | Create | Spearman |
| 21:43 | Research | Scale Mail Armor |
| 21:44 | Research | Scale Mail Armor |
| 21:57 | Create | Spearman |
| 21:59 | Age | Castle Age |
| 22:00 | Build | Farm |
| 22:02 | Create | Villager (Male) |
| 22:24 | Build | Palisade Wall |
| 22:25 | Build | Palisade Wall |
| 22:28 | Build | Palisade Wall |
| 22:29 | Create | Spearman |
Build order — MYST_BBTT
First 150 of 454 actions detected
| 0:01 | Create | Villager (Male) |
| 0:01 | Create | Villager (Male) |
| 0:02 | Build | House |
| 0:03 | Build | House |
| 0:20 | Create | Villager (Male) |
| 0:35 | Create | Villager (Male) |
| 0:35 | Create | Villager (Male) |
| 1:24 | Create | Villager (Male) |
| 1:24 | Create | Villager (Male) |
| 2:01 | Create | Villager (Male) |
| 2:02 | Create | Villager (Male) |
| 2:28 | Create | Villager (Male) |
| 2:29 | Create | Villager (Male) |
| 2:32 | Build | Settlement |
| 2:40 | Create | Villager (Male) |
| 2:40 | Create | Villager (Male) |
| 2:41 | Create | Villager (Male) |
| 3:03 | Create | Villager (Male) |
| 3:03 | Create | Villager (Male) |
| 3:32 | Create | Villager (Male) |
| 3:32 | Create | Villager (Male) |
| 4:07 | Create | Villager (Male) |
| 4:07 | Create | Villager (Male) |
| 4:07 | Create | Villager (Male) |
| 4:50 | Build | Palisade Wall |
| 5:05 | Create | Villager (Male) |
| 5:05 | Create | Villager (Male) |
| 5:18 | Build | Palisade Wall |
| 5:19 | Build | Palisade Wall |
| 5:39 | Create | Villager (Male) |
| 5:40 | Create | Villager (Male) |
| 5:58 | Build | Palisade Wall |
| 6:01 | Build | Palisade Wall |
| 6:06 | Build | House |
| 6:24 | Build | Settlement |
| 6:26 | Create | Villager (Male) |
| 6:27 | Create | Villager (Male) |
| 7:04 | Create | Villager (Male) |
| 7:05 | Research | Loom |
| 7:14 | Build | Palisade Wall |
| 7:15 | Build | Palisade Wall |
| 7:35 | Build | Palisade Wall |
| 8:17 | Research | Feudal Age |
| 8:18 | Research | Feudal Age |
| 8:46 | Build | House |
| 8:55 | Build | Palisade Wall |
| 8:55 | Build | Palisade Wall |
| 10:10 | Create | Villager (Male) |
| 10:11 | Create | Villager (Male) |
| 10:31 | Age | Feudal Age |
| 10:36 | Build | Blacksmith |
| 11:16 | Build | Watch Tower |
| 11:21 | Build | Market |
| 11:44 | Build | Farm |
| 12:11 | Build | Palisade Wall |
| 12:44 | Build | Farm |
| 13:15 | Build | Farm |
| 14:02 | Build | House |
| 14:25 | Build | Farm |
| 14:31 | Research | Castle Age |
| 14:31 | Research | Castle Age |
| 14:31 | Research | Castle Age |
| 14:49 | Build | Stone Wall |
| 15:21 | Build | Farm |
| 15:39 | Build | Stone Wall |
| 15:42 | Build | Farm |
| 16:07 | Build | Palisade Gate |
| 16:22 | Build | Stone Wall |
| 16:24 | Build | Stone Wall |
| 16:25 | Build | Stone Wall |
| 16:32 | Build | Farm |
| 16:56 | Build | Farm |
| 17:11 | Age | Castle Age |
| 17:26 | Build | Castle |
| 17:27 | Create | Villager (Male) |
| 17:27 | Create | Villager (Male) |
| 17:46 | Build | House |
| 18:04 | Create | Villager (Male) |
| 18:23 | Build | Farm |
| 18:33 | Create | Kona |
| 18:34 | Create | Kona |
| 18:34 | Create | Kona |
| 18:41 | Create | Villager (Male) |
| 18:52 | Create | Villager (Male) |
| 18:57 | Create | Kona |
| 18:58 | Create | Kona |
| 19:08 | Build | House |
| 19:10 | Build | House |
| 19:15 | Create | Villager (Male) |
| 19:25 | Create | Kona |
| 19:25 | Create | Kona |
| 19:48 | Build | House |
| 19:57 | Build | House |
| 19:59 | Create | Villager (Male) |
| 20:05 | Create | Kona |
| 20:05 | Create | Kona |
| 20:10 | Create | Villager (Male) |
| 20:57 | Create | Villager (Male) |
| 20:58 | Create | Kona |
| 21:01 | Build | Farm |
| 21:26 | Build | Town Center |
| 21:33 | Create | Villager (Male) |
| 21:46 | Create | Kona |
| 21:46 | Create | Kona |
| 22:06 | Create | Villager (Male) |
| 22:22 | Create | Villager (Male) |
| 22:25 | Create | Villager (Male) |
| 22:25 | Create | Villager (Male) |
| 22:43 | Research | Double-Bit Axe |
| 22:44 | Research | Double-Bit Axe |
| 22:55 | Build | Farm |
| 23:01 | Create | Kona |
| 23:02 | Create | Kona |
| 23:09 | Create | Villager (Male) |
| 23:25 | Build | Farm |
| 23:25 | Build | Farm |
| 23:33 | Create | Villager (Male) |
| 23:41 | Build | Settlement |
| 23:43 | Create | Villager (Male) |
| 23:50 | Create | Kona |
| 23:50 | Create | Kona |
| 23:50 | Create | Kona |
| 24:12 | Create | Villager (Male) |
| 24:19 | Create | Villager (Male) |
| 24:26 | Create | Villager (Male) |
| 24:26 | Create | Villager (Male) |
| 24:36 | Build | Farm |
| 24:44 | Create | Villager (Male) |
| 24:47 | Build | Farm |
| 24:51 | Create | Skirmisher |
| 24:51 | Create | Skirmisher |
| 24:52 | Create | Skirmisher |
| 25:03 | Create | Skirmisher |
| 25:03 | Create | Skirmisher |
| 25:16 | Create | Villager (Male) |
| 25:18 | Build | Farm |
| 25:27 | Build | Farm |
| 25:39 | Research | Fletching |
| 25:41 | Create | Skirmisher |
| 25:41 | Create | Skirmisher |
| 25:45 | Build | Farm |
| 25:48 | Create | Villager (Male) |
| 25:53 | Build | Farm |
| 26:08 | Create | Kona |
| 26:15 | Build | Farm |
| 26:17 | Create | Villager (Male) |
| 26:17 | Create | Villager (Male) |
| 26:26 | Create | Kona |
| 26:28 | Create | Skirmisher |
| 26:28 | Create | Skirmisher |
Match timeline
| 4:50 | MYST_BBTT · wall_segment Palisade Wall x8 |
| 5:18 | MYST_BBTT · wall_segment Palisade Wall x3 |
| 5:19 | MYST_BBTT · wall_segment Palisade Wall x4 |
| 5:58 | MYST_BBTT · wall_segment Palisade Wall x3 |
| 6:01 | MYST_BBTT · wall_segment Palisade Wall x6 |
| 6:21 | mentalist_ · first_building Barracks |
| 7:14 | MYST_BBTT · wall_segment Palisade Wall x1 |
| 7:15 | MYST_BBTT · wall_segment Palisade Wall x7 |
| 7:35 | MYST_BBTT · wall_segment Palisade Wall x14 |
| 8:55 | MYST_BBTT · wall_segment Palisade Wall x1 |
| 8:55 | MYST_BBTT · wall_segment Palisade Wall x1 |
| 8:57 | mentalist_ · age_up feudal |
| 10:31 | MYST_BBTT · age_up feudal |
| 12:11 | MYST_BBTT · wall_segment Palisade Wall x5 |
| 13:27 | MYST_BBTT · first_market_sell 100 stone |
| 14:35 | mentalist_ · wall_segment Palisade Wall x2 |
| 14:36 | mentalist_ · wall_segment Palisade Wall x2 |
| 14:37 | mentalist_ · wall_segment Palisade Wall x3 |
| 14:49 | MYST_BBTT · wall_segment Stone Wall x6 |
| 15:39 | MYST_BBTT · wall_segment Stone Wall x4 |
| 15:41 | mentalist_ · wall_segment Palisade Wall x2 |
| 15:42 | mentalist_ · wall_segment Palisade Wall x4 |
| 15:43 | mentalist_ · wall_segment Palisade Wall x3 |
| 15:44 | mentalist_ · wall_segment Palisade Wall x3 |
| 16:22 | MYST_BBTT · wall_segment Stone Wall x2 |
| 16:24 | MYST_BBTT · wall_segment Stone Wall x2 |
| 16:25 | MYST_BBTT · wall_segment Stone Wall x3 |
| 17:11 | MYST_BBTT · age_up castle |
| 17:16 | mentalist_ · first_market_buy 100 stone |
| 17:26 | MYST_BBTT · first_building Castle |
| 17:38 | mentalist_ · first_market_sell 100 wood |
| 17:47 | mentalist_ · wall_segment Stone Wall x1 |
| 17:47 | mentalist_ · wall_segment Stone Wall x1 |
| 17:48 | mentalist_ · wall_segment Stone Wall x1 |
| 17:48 | mentalist_ · wall_segment Stone Wall x1 |
| 17:50 | mentalist_ · wall_segment Stone Wall x2 |
| 17:50 | mentalist_ · wall_segment Stone Wall x1 |
| 17:51 | mentalist_ · wall_segment Stone Wall x1 |
| 17:51 | mentalist_ · wall_segment Stone Wall x1 |
| 18:17 | mentalist_ · wall_segment Stone Wall x2 |
| 18:17 | mentalist_ · wall_segment Stone Wall x2 |
| 18:18 | mentalist_ · wall_segment Stone Wall x2 |
| 18:20 | mentalist_ · wall_segment Stone Wall x3 |
| 18:25 | mentalist_ · wall_segment Stone Wall x3 |
| 18:25 | mentalist_ · wall_segment Stone Wall x1 |
| 18:26 | mentalist_ · wall_segment Stone Wall x3 |
| 18:27 | MYST_BBTT · first_market_buy 100 food |
| 18:59 | mentalist_ · wall_segment Palisade Wall x5 |
| 19:28 | mentalist_ · wall_segment Stone Wall x1 |
| 19:29 | mentalist_ · wall_segment Stone Wall x1 |
| 19:30 | mentalist_ · wall_segment Stone Wall x1 |
| 19:30 | mentalist_ · wall_segment Stone Wall x1 |
| 19:31 | mentalist_ · wall_segment Stone Wall x1 |
| 19:31 | mentalist_ · wall_segment Stone Wall x1 |
| 19:32 | mentalist_ · wall_segment Stone Wall x1 |
| 19:32 | mentalist_ · wall_segment Stone Wall x1 |
| 19:45 | mentalist_ · wall_segment Palisade Wall x1 |
| 19:46 | mentalist_ · wall_segment Palisade Wall x1 |
| 19:47 | mentalist_ · wall_segment Palisade Wall x1 |
| 20:07 | mentalist_ · wall_segment Palisade Wall x1 |
| 20:08 | mentalist_ · wall_segment Palisade Wall x1 |
| 20:53 | mentalist_ · wall_segment Stone Wall x1 |
| 21:59 | mentalist_ · age_up castle |
| 22:24 | mentalist_ · wall_segment Palisade Wall x2 |
| 22:25 | mentalist_ · wall_segment Palisade Wall x1 |
| 22:28 | mentalist_ · wall_segment Palisade Wall x1 |
| 23:05 | mentalist_ · first_building Monastery |
| 27:09 | MYST_BBTT · first_building Monastery |
| 30:21 | mentalist_ · first_building Siege Workshop |
| 33:52 | mentalist_ · first_building Castle |
| 37:50 | MYST_BBTT · first_building Barracks |
| 38:01 | MYST_BBTT · first_building Siege Workshop |
| 38:51 | MYST_BBTT · first_building Archery Range |
| 41:40 | mentalist_ · wall_segment Stone Wall x2 |
| 41:41 | mentalist_ · wall_segment Stone Wall x2 |
| 41:42 | mentalist_ · wall_segment Stone Wall x1 |
| 45:36 | mentalist_ · age_up imperial |
| 47:32 | MYST_BBTT · resign |
[ AI ANALYSIS · 1 CREDIT ]
What really happened in this match?
Wolo.gg analyzes every decision: build order, eco, micro, common mistakes by bracket. Personalized analysis on WhatsApp or Discord in 30 seconds.
Civ guide
Incas
Perfil
Jugador #9579739